 Dungeon Crawl Stone Soup version 0.30.0-10-gfe55d96785 (webtiles) character file.

Game seed: 2691923336665228353

331 qw the Chopper (level 6, -3/39 HPs)
             Began as a Gargoyle Cinder Acolyte on May 17, 2023.
             Was a High Priest of Ignis.
             Slain by an iguana (8 damage)
             ... on level 5 of the Dungeon.
             The game lasted 00:01:43 (3271 turns).

qw the Chopper (Gargoyle Cinder Acolyte)            Turns: 3271, Time: 00:01:43

Health: -3/39      AC: 21    Str: 20    XL:     6   Next: 52%
Magic:  7/7        EV:  8    Int: 14    God:    Ignis [*****.]
Gold:   267        SH:  0    Dex:  5    Spells: 7/7 levels left

rFire   + . .        k - +0 war axe
rCold   . . .        (no shield)
rNeg    + . .        d - +0 chain mail
rPois   inf          (no helmet)
rElec   +            (no cloak)
rCorr   .            g - +0 pair of gloves
SInv    +            (no boots)
Will    .....        (no amulet) Stlth
                     i - ring of see invisible
HPRegen 0.26/turn    (no ring)
MPRegen 0.10/turn

%: no passive effects
@: about to teleport, fiery-armoured
A: sickness immunity, AC +4, negative energy resistance 1, electricity
resistance, torment resistance 1, petrification resistance
a: Renounce Religion, Fiery Armour, Foxfire Swarm, Rising Flame


You were on level 5 of the Dungeon.
You worshipped Ignis.
Ignis was extremely pleased with you.
You visited 1 branch of the dungeon, and saw 5 of its levels.

You collected 267 gold pieces.


Innate Abilities, Weirdness & Mutations

You are immune to sickness and miasma.
Your stone body is resilient. (AC +4)
You are immune to poison.
You resist negative energy. (rN+)
You are resistant to electric shocks. (rElec)
You are resistant to unholy torment.
You are immune to petrification.


   Skills:
 - Level 4.4 Fighting
 - Level 5.2 Axes
 + Level 0.7 Throwing
 - Level 2.6 Armour
 - Level 1.0 Spellcasting
 - Level 3.0 Fire Magic


You had 7 spell levels left.
You didn't know any spells.
Your spell library contained the following spells:

 Spells                   Type           Power      Damage    Failure   Level
 Scorch                   Fire           18%        2d6       65%         2

Inventory:

Hand Weapons
 k - a +0 war axe (weapon)
 Y - a -1 hand axe of flaming
Missiles
 b - 4 javelins (quivered)
 h - 4 boomerangs
Armour
 d - a +0 chain mail (worn)
 g - a +0 pair of gloves (worn)
Jewellery
 i - a ring of see invisible (left hand)
Scrolls
 e - 2 scrolls of identify
 f - 2 scrolls of teleportation
Potions
 a - a potion of haste

Dungeon Overview and Level Annotations

Branches:
Dungeon (5/15)
 Temple: D:4-7

Altars:
Hepliaklqana
Yredelemnul


Message History

There is an open door here.
There is an open door here.
Found a stone staircase leading down.
An iguana comes into view.
The iguana hisses angrily.
A hound comes into view.
3263 ||| Stepping ~*~*~tactically~*~*~ (stealth).
You throw a javelin. The javelin closely misses the iguana.
You hit the iguana but do no damage.
The iguana bites you but does no damage.
You barely miss the iguana. The iguana bites you! The hound barely misses you.
You closely miss the hound. You closely miss the iguana. The hound bites you.
The iguana closely misses you. The hound bites you but does no damage.
You slash the hound!
The hound is severely wounded.
You hit the iguana. The hound closely misses you. The iguana bites you.
The hound bites you but does no damage. The iguana bites you.
You completely miss the hound.
The hound is severely wounded.
You hit the iguana but do no damage. The hound closely misses you.
The iguana bites you! The hound misses you.
3270 ||| INVOKING Fiery Armour.
A protective cloak of flame settles atop you.
The hound bites you but does no damage.
The hound is burned by your cloak of flames.
The hound is almost dead.
The iguana bites you!
The iguana is burned by your cloak of flames.
The iguana is severely wounded.
3271 ||| READING 3 scrolls of teleportation.
As you read the scroll of teleportation, it crumbles to dust.
You feel strangely unstable. The hound bites you.
The hound is burned by your cloak of flames.
You kill the hound!
The iguana bites you!
You die...

##...#.## ....###.##
##.## ##.## #.## ##.# ###
##.## ##.## #..
#...###...# #.###
#.##.#.##.# #.#.##
#.###.###.#######%$..####
'.# ### #.......@l....>.+
#.# #.######.#...#.## #.#
#.# #.###(## #.# #.# #.#
#.# #.#######.# ## h#
#.........# # #####.#####
#.# #.#


You could see an iguana.

Vanquished Creatures
  A scorpion (D:4)
  A hound (D:5)
  2 jellies (D:4)
  2 iguanas (D:4)
  An orc wizard (D:4)
  5 adders
  An ufetubus (D:4)
  A worm (D:2)
  13 orcs
  4 bats
  8 endoplasms
  A giant cockroach (D:4)
  5 goblins
  8 hobgoblins
  2 jackals (D:4)
  8 kobolds
  A quokka (D:1)
  6 ball pythons
  3 frilled lizards
  6 rats
79 creatures vanquished.

Notes
Turn   | Place    | Note
-------+----------+-------------------------------------------
     0 | D:1      | qw the Gargoyle Cinder Acolyte began the quest for the Orb.
     0 | D:1      | Reached XP level 1. HP: 14/14 MP: 2/2
     0 | D:1      | 0 ||| qw: Version: 0.2-a-95-g206ef33
     0 | D:1      | 0 ||| qw: Game counter: 170
     0 | D:1      | 0 ||| qw: Always use a shield: true
     0 | D:1      | 0 ||| qw: God list: Okawaru
     0 | D:1      | 0 ||| qw: Allow faded altars: false
     0 | D:1      | 0 ||| qw: Do Orc after D:15 true
     0 | D:1      | 0 ||| qw: Do second Lair branch before Depths: true
     0 | D:1      | 0 ||| qw: Lair rune preference: random
     0 | D:1      | 0 ||| qw: Plans: Normal
     0 | D:1      | 0 ||| PLANNING D:1-11
    59 | D:1      | Reached skill level 3 in Axes
   316 | D:1      | Reached XP level 2. HP: 19/19 MP: 3/3
   538 | D:1      | 538 ||| Stepping ~*~*~tactically~*~*~ (stealth).
   746 | D:1      | 746 ||| UPGRADING to +0 ring mail.
   756 | D:1      | 756 ||| DROPPING +0 robe.
   757 | D:1      | 757 ||| READING scroll labelled RIKHEZ SEICLA.
   758 | D:1      | 758 ||| READING scroll labelled XIKLEF ROIV.
   759 | D:1      | 759 ||| READING 4 scrolls labelled HAFOCKOCUS.
   760 | D:1      | 760 ||| READING scroll labelled FUISTR POERR.
   763 | D:1      | 763 ||| READING 3 scrolls of identify.
   763 | D:1      | 763 ||| IDENTIFYING murky orange potion
   854 | D:2      | 854 ||| Stepping ~*~*~tactically~*~*~ (hiding).
   857 | D:2      | 857 ||| Stepping ~*~*~tactically~*~*~ (hiding).
   862 | D:2      | Reached XP level 3. HP: 23/23 MP: 4/4
   882 | D:2      | 882 ||| Stepping ~*~*~tactically~*~*~ (hiding).
  1007 | D:2      | Reached skill level 4 in Axes
  1034 | D:2      | Reached skill level 1 in Armour
  1112 | D:2      | Reached XP level 4. HP: 28/28 MP: 5/5
  1476 | D:2      | 1476 ||| UPGRADING to +0 chain mail.
  1486 | D:2      | 1486 ||| DROPPING +0 ring mail.
  1487 | D:2      | 1487 ||| READING scroll labelled ZINUPL KAISUO.
  1488 | D:2      | 1488 ||| READING 2 scrolls of identify.
  1488 | D:2      | 1488 ||| IDENTIFYING dark potion
  1540 | D:3      | 1540 ||| STAIRDANCE
  1817 | D:3      | Found a faded altar of an unknown god.
  1892 | D:3      | Found a hazy altar of Hepliaklqana.
  1984 | D:3      | 1984 ||| UPGRADING to +0 pair of gloves.
  1989 | D:3      | 1989 ||| UPGRADING to ring of see invisible.
  1990 | D:3      | 1990 ||| READING scroll labelled MUPHEC MUHEV.
  2049 | D:4      | Reached XP level 5. HP: 18/32 MP: 6/6
  2137 | D:4      | 2137 ||| Stepping ~*~*~tactically~*~*~ (hiding).
  2138 | D:4      | 2138 ||| Stepping ~*~*~tactically~*~*~ (hiding).
  2140 | D:4      | 2140 ||| Stepping ~*~*~tactically~*~*~ (hiding).
  2141 | D:4      | 2141 ||| Stepping ~*~*~tactically~*~*~ (hiding).
  2244 | D:4      | 2244 ||| INVOKING Fiery Armour.
  2248 | D:4      | 2248 ||| Stepping ~*~*~tactically~*~*~ (hiding).
  2249 | D:4      | 2249 ||| Stepping ~*~*~tactically~*~*~ (hiding).
  2255 | D:4      | 2255 ||| DRINKING potion of curing.
  2255 | D:4      | 2255 ||| (to cure confusion)
  2259 | D:4      | Reached skill level 5 in Axes
  2431 | D:4      | Found a basalt altar of Yredelemnul.
  2444 | D:4      | Reached XP level 6. HP: 35/39 MP: 7/7
  2475 | D:4      | 2475 ||| Stepping ~*~*~tactically~*~*~ (stealth).
  2504 | D:4      | 2504 ||| Stepping ~*~*~tactically~*~*~ (hiding).
  2805 | D:4      | 2805 ||| SWAPPING to +0 war axe.
  3055 | D:4      | 3055 ||| DROPPING ring of magical power.
  3056 | D:4      | 3056 ||| READING 2 scrolls of identify.
  3056 | D:4      | 3056 ||| IDENTIFYING lumpy inky potion
  3057 | D:4      | 3057 ||| DROPPING potion of degeneration.
  3076 | D:5      | Entered Level 5 of the Dungeon
  3263 | D:5      | 3263 ||| Stepping ~*~*~tactically~*~*~ (stealth).
  3270 | D:5      | 3270 ||| INVOKING Fiery Armour.
  3270 | D:5      | HP: 7/39 [iguana (7)]
  3271 | D:5      | 3271 ||| READING 3 scrolls of teleportation.
  3271 | D:5      | Slain by an iguana

Levels and vault maps discovered:
D:1:      saegor_arrival_simple_c, layout_loops_cross
D:2:      layout_basic
D:3:      layout_rooms, lemuel_tele_altar,
          hellmonk_ecumenical_altar_inner_sanctum
D:4:      layout_cave_pods, minmay_misc_feat_secret_circle, minmay_ruined_shrine
D:5:      layout_loops_corners, mainiacjoe_overflow_alcove_2, ashenzari_altar_1,
          minmay_temple_entry_nine_rooms

Skill      XL: |  1  2  3  4  5 |
---------------+----------------+-----
Axes           | 3 4 5 |  5.2
Armour         | 1 2 |  2.6
Fighting       | 4 |  4.4
Throwing       | |  0.7
Spellcasting   | |  1.0
Fire Magic     | |  3.0

Action                     |  1- 3 |  4- 6 || total
---------------------------+-------+-------++-------
  Melee: Hand axe          |   119 |   151 ||   270
         Punch             |     1 |       ||     1
         War axe           |       |    15 ||    15
  Throw: Javelin           |       |    10 ||    10
 Invoke: Fiery Armour      |       |     2 ||     2
    Use: Scroll            |     5 |     5 ||    10
         Potion            |       |     1 ||     1
 Armour: Robe              |    24 |       ||    24
         Ring mail         |    24 |     7 ||    31
         Chain mail        |       |    95 ||    95
  Dodge: Dodged            |    61 |    52 ||   113

Table legend:
 A = Non-vault XP
 B = Vault XP
 C = Vault XP percentage of total XP
 D = Non-vault monster count
 E = Vault monster count
 F = Vault count percentage of total count
                 A         B        C        D         E       F
            +---------+---------+-------+---------+---------+-------
      Total |     509 |      10 |   1.9 |      74 |       5 |   6.3
            +---------+---------+-------+---------+---------+-------
        D:1 |      31 |       0 |   0.0 |      20 |       0 |   0.0
        D:2 |      81 |       0 |   0.0 |      20 |       0 |   0.0
        D:3 |      11 |       0 |   0.0 |       7 |       0 |   0.0
        D:4 |     325 |      10 |   3.0 |      24 |       5 |  17.2
        D:5 |      61 |       0 |   0.0 |       3 |       0 |   0.0
            +---------+---------+-------+---------+---------+-------
